 Dungeon Crawl Stone Soup version 0.25-a0-549-g6e6e6501ad (webtiles) character file.

Game seed: 15883777986965469076, levelgen mode: deterministic

1891 Esekla the Thaumaturge (level 8, 0/41 HPs)
             Began as a Deep Elf Wizard on Feb 23, 2020.
             Was a Believer of Ashenzari.
             Slain by a bullfrog (9 damage)
             ... on level 8 of the Dungeon.
             The game lasted 01:17:54 (8028 turns).

Esekla the Thaumaturge (Deep Elf Wizard)            Turns: 8028, Time: 01:17:55

Health: 0/41       AC:  4    Str:  6    XL:     8   Next: 93%
Magic:  19/23      EV: 13    Int: 24    God:    Ashenzari [**....]
Gold:   391        SH:  0    Dex: 13    Spells: 17/26 levels left

rFire    . . .     SeeInvis .   v - +2 dagger (venom) (curse)
rCold    . . .     Gourm    .   (no shield)
rNeg     . . .     Faith    .   a - +0 robe
rPois    .         Spirit   .   q - +0 helmet
rElec    .         Reflect  .   (no cloak)
rCorr    .         Harm     .   w - +0 pair of gloves
MR       .....                  (no boots)
Stlth    +++.......             (no amulet)
HPRegen  0.13/turn              s - ring of stealth
MPRegen  0.18/turn              (no ring)

@: no status effects
A: no striking features
a: Curse Item, Scrying, Renounce Religion


You were on level 8 of the Dungeon.
You worshipped Ashenzari.
Ashenzari was pleased with you.
You were hungry.

You visited 2 branches of the dungeon, and saw 9 of its levels.

You collected 391 gold pieces.

Inventory:

Hand Weapons
 e - a +1 dagger of electrocution
 l - a +0 long sword
 p - a +2 vorpal spear
 u - a +1 dagger of venom
 v - a cursed +2 dagger of venom (weapon)
Missiles
 f - 4 poisoned darts (quivered)
 x - 4 javelins
Armour
 a - a +0 robe (worn)
 q - a +0 helmet (worn)
 w - a +0 pair of gloves (worn)
Jewellery
 s - a ring of stealth (left hand)
 E - an uncursed ring of flight
Wands
 b - a wand of random effects (15)
 o - a wand of polymorph (5)
 D - a wand of paralysis (8)
Scrolls
 g - 3 scrolls of fog {unknown}
 h - a scroll of random uselessness {unknown}
 k - 2 scrolls of remove curse
 m - 3 scrolls of teleportation {unknown}
 t - 2 scrolls of noise {unknown}
 y - 2 scrolls of enchant weapon {unknown}
 z - 4 scrolls of magic mapping
 C - 2 scrolls of identify
Potions
 c - a potion of lignification
 i - 2 potions of curing
 j - 3 potions of magic
 n - a potion of stabbing
 r - a potion of invisibility
 A - a potion of ambrosia
 B - 2 potions of heal wounds
Comestibles
 d - 16 rations


   Skills:
 * Level 4.2(6.4) Short Blades
 + Level 0.4 Throwing
 + Level 3.4 Dodging
 + Level 4.0 Stealth
 * Level 9.9 Spellcasting
 + Level 4.6 Conjurations
   Level 1.1 Summonings
 + Level 3.1 Translocations
 * Level 2.4 Fire Magic
 + Level 3.0 Air Magic
 + Level 3.5 Poison Magic


You had 17 spell levels left.
You knew the following spells:

 Your Spells              Type           Power        Failure   Level  Hunger
a - Magic Dart            Conj           ####         1%          1    None
b - Blink                 Tloc           N/A          2%          2    None
c - Mephitic Cloud        Conj/Pois/Air  ####....     3%          3    None
f - Conjure Flame         Conj/Fire      ####....     3%          3    None

Your spell library contained the following spells:

 Spells                   Type           Power        Failure   Level  Hunger
 Call Imp                 Summ           ###.....     4%          2    None
 Slow                     Hex            ##......     9%          2    None


Dungeon Overview and Level Annotations

Branches:
Dungeon (8/15)             Temple (1/1) D:7            Lair (0/6) D:8

Altars:
Ashenzari
Cheibriados
Elyvilon
Fedhas
Gozag
Hepliaklqana
Kikubaaqudgha
Makhleb
Okawaru
Qazlal
Ru
Sif Muna
Trog
Uskayaw
Vehumet
Xom
Yredelemnul
Zin
The Shining One

Annotations:
D:7 Menkaure, Prince Ribbit


Message History

The bullfrog is moderately wounded.
The bullfrog hits you but does no damage.
Casting: Conjure Flame (safe; 3% risk of failure)
Confirm with . or Enter, or press ? or * to list all spells.
Aiming: Magic Dart (safe; 1% risk of failure)
Press: ? - help, Shift-Dir - straight line, f - bullfrog
Aim: a bullfrog (moderately wounded, very poisoned)
The magic dart hits the bullfrog.
The bullfrog is heavily wounded.
The bullfrog hits you! The bullfrog hits you.
* * * LOW HITPOINT WARNING * * *
There is a stone staircase leading up here.
You hit the bullfrog.
The bullfrog looks as sick as possible!
The bullfrog is severely wounded.
You are feeling hungry.
The bullfrog hits you.
* * * LOW HITPOINT WARNING * * *
The bullfrog hits you!
You die...

* ##.# , #.## #.# ,, #.#
#..# #.# * #
#.#####.######.## #.. ,
#.##.........>..##.. * *
#.##.............. *
#.##............####>###.
#.##.....................
#.#.........@F.##..<...##
#.†...........###.....=#
#.##..........# #......#
#.##....[.....# #......#
, ###############
#....a.# #........ *
#.......), * ∩, , ,


You could see a bullfrog.

Vanquished Creatures
  Sigmund (D:2)
  A sky beast (D:6)
  2 orc warriors
  A black bear (D:8)
  2 ogres
  A centaur (D:7)
  3 bullfrogs
  A water moccasin zombie (D:7)
  A scorpion (D:7)
  4 crimson imps
  A bullfrog zombie (D:5)
  3 orc priests (D:7)
  A hound (D:2)
  3 orc wizards
  A bullfrog skeleton (D:6)
  An iguana (D:4)
  4 worker ants
  A hound skeleton (D:3)
  A howler monkey zombie (D:6)
  A worker ant zombie (D:7)
  Robin (D:2)
  10 gnolls
  8 adders
  An ooze (D:1)
  An adder zombie (D:3)
  2 adder skeletons
  2 worms
  A dart slug (D:1)
  6 leopard geckos
  21 orcs
  4 giant cockroaches
  16 goblins
  14 hobgoblins
  7 jackals
  2 quokkas
  2 ball pythons
  4 bats
  3 frilled lizards
  A giant cockroach zombie (D:3)
  3 kobolds
  A leopard gecko zombie (D:3)
  5 rats
149 creatures vanquished.

Vanquished Creatures (others)
  12 fungi (D:8)
12 creatures vanquished.

Grand Total: 161 creatures vanquished

Notes
Turn   | Place    | Note
-------+----------+-------------------------------------------
     0 | D:1      | Esekla the Deep Elf Wizard began the quest for the Orb.
     0 | D:1      | Reached XP level 1. HP: 10/10 MP: 7/7
   252 | D:1      | Reached skill level 5 in Spellcasting
   261 | D:1      | Reached XP level 2. HP: 15/15 MP: 5/10
   265 | D:1      | Learned a level 2 spell: Blink
   537 | D:2      | Reached XP level 3. HP: 8/19 MP: 3/11
   686 | D:2      | Learned a level 3 spell: Mephitic Cloud
   690 | D:2      | Learned a level 3 spell: Conjure Flame
   929 | D:2      | Reached skill level 6 in Spellcasting
   929 | D:2      | Reached XP level 4. HP: 8/24 MP: 7/14
  1137 | D:2      | Noticed Robin
  1798 | D:2      | Killed Robin
  1805 | D:2      | Reached skill level 1 in Air Magic
  1907 | D:2      | Found an iron altar of Okawaru.
  2223 | D:2      | Noticed Sigmund
  2270 | D:2      | Killed Sigmund
  2270 | D:2      | Reached skill level 1 in Short Blades
  2270 | D:2      | Reached skill level 7 in Spellcasting
  2270 | D:2      | Reached skill level 1 in Poison Magic
  2270 | D:2      | Reached XP level 5. HP: 28/28 MP: 9/16
  2270 | D:2      | Reached XP level 6. HP: 32/32 MP: 10/18
  2608 | D:3      | Found a hide-covered altar of Uskayaw.
  2609 | D:3      | Found a glowing golden altar of the Shining One.
  2810 | D:3      | Found a shattered altar of Ashenzari.
  2818 | D:3      | Became a worshipper of Ashenzari the Shackled
  2931 | D:3      | Found a stormy altar of Qazlal.
  3140 | D:3      | Found a shimmering altar of Xom.
  3569 | D:4      | Found an ancient bone altar of Kikubaaqudgha.
  3590 | D:4      | Reached XP level 7. HP: 23/36 MP: 6/20
  3597 | D:4      | Reached * piety under Ashenzari
  4319 | D:5      | Entered Level 5 of the Dungeon
  4658 | D:5      | Found a basalt altar of Yredelemnul.
  4855 | D:5      | Found a sacrificial altar of Ru.
  5151 | D:5      | Found a white marble altar of Elyvilon.
  5252 | D:6      | Reached skill level 8 in Spellcasting
  5638 | D:7      | Noticed Menkaure
  5931 | D:7      | Reached XP level 8. HP: 19/41 MP: 1/22
  5971 | D:6      | Identified the +3 mace of the Unspeakable One {antimagic,
                  | rN+ Str+4}
  6243 | D:6      | Reached skill level 9 in Spellcasting
  6467 | D:6      | Reached skill level 1 in Fire Magic
  6960 | D:7      | Found a staircase to the Ecumenical Temple.
  6985 | Temple   | Entered the Ecumenical Temple
  7136 | D:7      | Noticed a slime creature
  7136 | D:7      | Noticed a slime creature
  7136 | D:7      | Noticed a slime creature
  7136 | D:7      | Noticed a slime creature
  7138 | D:7      | Noticed a slime creature
  7143 | D:7      | Noticed a slime creature
  7167 | D:7      | Noticed Prince Ribbit
  7697 | D:7      | Reached ** piety under Ashenzari
  7844 | D:7      | Found a shimmering blue altar of Sif Muna.
  7946 | D:8      | Found a staircase to the Lair.
  8028 | D:8      | Slain by a bullfrog

Levels and vault maps discovered:
D:1:      dpeg_arrival_signposts, layout_basic, hex_large
D:2:      layout_loops_cross, first_ration, okawaru_gym_becter, uniq_sigmund,
          uniq_robin
D:3:      layout_basic, lemuel_coloured_pillars_altar, old_standard_altar,
          led_xom_imps, chequers_temple_overflow_statue_of_worship,
          serial_undead, serial_undead_e, serial_undead_c, serial_undead_e,
          serial_undead_a, serial_undead_b
D:4:      layout_cave_pools, lemuel_doored_altar, feat_on_display
D:5:      layout_loops_ring, kennysheep_ying_yang, overflow_temple_1_default
D:6:      layout_layer_cave
D:7:      layout_basic, old_standard_altar, minmay_temple_entry_stoned_glass,
          basic_altar, uniq_menkaure, uniq_prince_ribbit1
D:8:      layout_rooms, due_lair_maze_entry_diamond, enter_bailey_2
Temple:   compressed_dpeg_triangle_lava_temple

Skill      XL: |  1  2  3  4  5  6  7  8 |
---------------+-------------------------+-----
Spellcasting   | 5 6 7 8 9 |  9.9
Conjurations   | 2 4 |  4.6
Air Magic      | 1 2 3 |  3.0
Short Blades   | 1 2 3 4 |  4.2
Translocations | 2 3 |  3.1
Poison Magic   | 1 2 3 |  3.5
Stealth        | 3 4 |  4.0
Dodging        | 3 |  3.4
Fire Magic     | 2 |  2.4
Throwing       | |  0.4
Summonings     | |  1.1

Action                   |  1- 3 |  4- 6 |  7- 9 || total
-------------------------+-------+-------+-------++-------
Melee: Dagger            |    13 |    89 |   107 ||   209
Throw: Dart              |       |     1 |    14 ||    15
 Cast: Magic Dart        |    64 |   106 |    96 ||   266
       Mephitic Cloud    |     1 |    11 |    19 ||    31
       Conjure Flame     |     1 |     3 |    17 ||    21
       Blink             |       |     5 |    18 ||    23
Invok: Curse Item        |       |     1 |       ||     1
  Use: Potion            |     1 |       |       ||     1
       Scroll            |       |       |     8 ||     8
 Stab: Confused          |     1 |     1 |     4 ||     6
       Sleeping          |       |     4 |     4 ||     8
  Eat: Chunk             |       |     8 |    10 ||    18
       Ration            |       |       |     1 ||     1
Armor: Robe              |     4 |    13 |    13 ||    30
Dodge: Dodged            |    26 |    65 |    79 ||   170

Table legend:
 A = Non-vault XP
 B = Vault XP
 C = Vault XP percentage of total XP
 D = Non-vault monster count
 E = Vault monster count
 F = Vault count percentage of total count
                 A         B        C        D         E       F
            +---------+---------+-------+---------+---------+-------
      Total |    2118 |     584 |  21.6 |     127 |      22 |  14.8
            +---------+---------+-------+---------+---------+-------
        D:1 |      38 |       0 |   0.0 |      17 |       0 |   0.0
        D:2 |     111 |     249 |  69.2 |      22 |      13 |  37.1
        D:3 |     100 |     123 |  55.2 |      15 |       7 |  31.8
        D:4 |     274 |       0 |   0.0 |      21 |       0 |   0.0
        D:5 |      71 |       0 |   0.0 |       7 |       0 |   0.0
        D:6 |     766 |       0 |   0.0 |      21 |       0 |   0.0
        D:7 |     758 |       0 |   0.0 |      24 |       0 |   0.0
        D:8 |       0 |     212 | 100.0 |       0 |       2 | 100.0
            +---------+---------+-------+---------+---------+-------
